Map: Frozen Temple

Players

capac - Winner!

  • Race: Terran Terran
  • League: Gold

Mentha

  • Race: Protoss Protoss
  • League: Gold

VOD

Have the link to the VOD?

Description

Time

  • Played on: April 30, 2016, 9:06 a.m.
  • Length: 13:38
Show
View Real Time Build Order
Export as new Build Order

capac Terran - Winner!

Build Orders: Reaper Expand, MMM Bio 

Get SALT Encoding   

  12  0:00  SCV  
  13  0:12  SCV  
  14  0:18  Supply Depot  
  14  0:25  SCV  
  15  0:39  SCV  
  15  0:42  Barracks  
  16  0:45  Refinery  
  16  0:53  SCV  
  17  1:05  SCV  
  18  1:17  SCV  
  19  1:29  Reaper  
  19  1:30  Orbital Command  
  20  1:44  Command Center  
  20  1:58  SCV  
  21  2:07  Supply Depot  
  21  2:11  Factory  
  21  2:14  SCV  
  22  2:17  Refinery  
  22  2:36  Barracks Reactor  
  22  2:40  Barracks  
  22  2:49  SCV  
  23  2:58  Starport  
  23  3:01  SCV  
  23  3:03  Orbital Command  
  24  3:08  Engineering Bay  
  24  3:11  Factory Tech Lab  
  24  3:13  SCV  
  24  3:14  Marine x2  
  27  3:25  SCV  
  28  3:29  Barracks Tech Lab  
  28  3:32  Marine x2  
  30  3:40  Missile Turret x2  
  30  3:41  SCV  
  30  3:47  SCV  
  32  3:52  Marine x2  
  32  3:53  Marine  
  35  4:00  SCV  
  35  4:01  SCV  
  37  4:08  Siege Tank  
  40  4:10  Marine x2  
  42  4:18  SCV  
  42  4:19  SCV  
  42  4:21  Medivac  
  46  4:28  Stimpack  
  46  4:30  Barracks  
  46  4:37  Bunker  
  46  4:43  SCV  
  46  4:50  Refinery x2  
  46  4:55  Supply Depot  
  46  5:10  Supply Depot  
  46  5:16  Marine x2, Medivac  
  46  5:17  Siege Tank, SCV  
  46  5:20  Barracks  
  54  5:23  Barracks Reactor  
  54  5:31  Marine, SCV x2  
  57  5:43  Marine x2, SCV, Command Center  
  57  5:44  SCV  
  61  5:51  Marine  
  62  5:59  Missile Turret  
  62  6:08  Supply Depot  
  62  6:10  Supply Depot  
  62  6:21  Marine x5, SCV x2  
  62  6:22  Barracks  
  69  6:28  Terran Infantry Weapons Level 1  
  69  6:30  Supply Depot  
  69  6:33  Supply Depot, SCV x2  
  71  6:45  SCV  
  72  6:48  SCV  
  72  6:52  Barracks Reactor  
  72  6:53  Combat Shields  
  72  6:54  Marine x4, Missile Turret  
  73  6:56  Marauder  
  73  6:58  SCV  
  80  7:02  Missile Turret  
  80  7:06  Siege Tank, SCV  
  80  7:07  Starport Reactor  
  84  7:10  SCV  
  85  7:18  Barracks Reactor  
  85  7:19  Barracks  
  85  7:29  Orbital Command  
  85  7:41  Marine x2  
  85  7:42  Marine x4  
  85  7:43  Marauder  
  93  7:45  Missile Turret  
  93  7:46  Medivac  
  93  7:47  Medivac  
  97  8:02  SCV x3  
  97  8:04  Missile Turret  
  97  8:05  Siege Tank  
  103  8:07  Barracks Reactor  
  103  8:18  Supply Depot  
  103  8:25  Medivac x2  
  107  8:33  Terran Infantry Armor Level 1  
  107  8:34  Starport  
  107  8:35  Supply Depot  
  107  8:37  Armory  
  110  8:41  Siege Tank  
  110  8:42  Engineering Bay, Marine  
  110  8:43  Marine x4  
  110  8:44  Marine  
  110  8:45  Marine x2  
  106  9:18  Marine  
  106  9:19  Marine x6  
  106  9:20  Marauder  
  101  9:41  Marine x2  
  101  9:42  Marine x6  
  101  9:43  Marauder  
  89  9:52  Marine  
  89  9:53  Marine  
  89  9:59  Marine x3  
  93  10:01  Marine x3  
  93  10:02  Marine x2  
  93  10:04  Marauder  
  101  10:07  Siege Tank  
  101  10:10  Orbital Command  
  104  10:26  Marauder  
  104  10:27  Marine x10  
  116  10:40  SCV x3  
  119  10:44  Marine  
  119  10:45  Marine x5  
  125  10:52  SCV x3  
  125  10:56  Marine  
  129  10:57  Bunker, Marine x4  
  133  11:06  Starport Reactor  
  133  11:11  Supply Depot  
  133  11:12  Supply Depot  
  133  11:13  Terran Infantry Weapons Level 2, Terran Infantry Armor Level 2, Supply Depot  
  133  11:16  Concussive Shells, Liberator  
  133  11:17  Liberator  
  133  11:33  Marine, Siege Tank, SCV  
  133  11:34  Marauder  
  146  11:44  SCV  
  146  11:45  SCV x2  
  149  11:49  Supply Depot  
  126  12:30  Marine x4  
  126  12:31  Marine x7  
  132  12:48  Marine x4  
  132  12:49  Marine x7  
  143  13:05  Marine  
  143  13:06  Marine x5  
  143  13:07  Marine x5  
  165  13:29  Command Center  
Show
View Real Time Build Order
Export as new Build Order

Mentha Protoss 

Build Orders: 1 Gate Expand 

Get SALT Encoding   

  12  0:01  Probe (Chrono Boost)  
  13  0:12  Probe (Chrono Boost)  
  14  0:20  Pylon  
  14  0:22  Probe (Chrono Boost)  
  15  0:38  Probe (Chrono Boost)  
  15  0:42  Gateway  
  16  0:49  Probe (Chrono Boost)  
  17  0:50  Assimilator  
  17  0:59  Probe (Chrono Boost)  
  18  1:10  Probe (Chrono Boost)  
  19  1:20  Probe (Chrono Boost)  
  20  1:31  Probe (Chrono Boost)  
  21  1:33  Cybernetics Core  
  21  1:44  Nexus  
  21  1:47  Probe (Chrono Boost)  
  22  1:56  Pylon  
  22  2:05  Assimilator  
  22  2:12  Warp Gate (Chrono Boost)  
  22  2:17  Mothership Core (Chrono Boost)  
  22  2:18  Adept  
  25  2:36  Probe (Chrono Boost)  
  27  2:51  Probe (Chrono Boost)  
  27  2:53  Adept  
  29  3:01  Pylon  
  29  3:02  Probe (Chrono Boost)  
  30  3:06  Robotics Facility  
  30  3:13  Probe x2 (Chrono Boost)  
  30  3:14  Pylon  
  30  3:17  Sentry  
  32  3:25  Probe  
  32  3:26  Probe  
  36  3:38  Probe x2  
  38  3:42  Twilight Council  
  38  3:46  Sentry  
  38  3:50  Probe x2  
  42  4:01  Assimilator  
  42  4:02  Probe x2  
  44  4:03  Assimilator  
  44  4:05  Observer  
  45  4:12  Gateway  
  45  4:13  Gateway  
  45  4:17  Gateway  
  45  4:21  Probe  
  45  4:22  Probe  
  47  4:26  Observer  
  48  4:39  Probe x2  
  50  4:48  Resonating Glaives (Chrono Boost)  
  50  4:51  Probe  
  51  4:56  Probe  
  52  5:02  Immortal (Chrono Boost)  
  52  5:03  Probe  
  57  5:08  Probe  
  58  5:15  Probe  
  58  5:21  Probe  
  60  5:22  Adept  
  62  5:35  Pylon  
  62  5:36  Pylon  
  62  5:38  Pylon  
  62  5:43  Pylon  
  62  5:45  Pylon x2  
  62  5:54  Immortal (Chrono Boost)  
  66  6:01  Adept x4  
  74  6:16  Forge  
  74  6:20  Gateway, Forge  
  74  6:23  Gateway  
  74  6:24  Adept x2  
  74  6:25  Charge, Gateway, Adept x2  
  81  6:50  Protoss Ground Weapons Level 1 (Chrono Boost)  
  81  6:52  Protoss Ground Armor Level 1 (Chrono Boost)  
  81  7:00  Robotics Bay  
  81  7:04  Dark Shrine  
  81  7:08  Zealot x3  
  81  7:09  Zealot  
  89  7:40  Nexus  
  89  7:41  Stalker x4, Pylon  
  89  7:42  Zealot  
  89  7:43  Zealot  
  101  7:45  Pylon  
  101  7:51  Warp Prism  
  103  7:58  Sentry  
  105  8:10  Probe  
  105  8:11  Probe  
  107  8:14  Zealot x2  
  107  8:15  Zealot x3  
  117  8:23  Probe x2  
  119  8:35  Probe x2  
  121  8:43  Pylon  
  121  8:44  Pylon  
  121  8:45  Pylon  
  121  8:47  Probe  
  121  8:48  Pylon  
  122  8:58  Adept x3  
  122  8:59  Zealot x2  
  118  9:18  Zealot x3  
  124  9:27  Probe  
  124  9:28  Probe x2  
  117  9:40  Probe x2  
  93  9:47  Zealot x4  
  93  9:48  Zealot x3  
  83  10:06  Probe  
  83  10:07  Probe x2  
  86  10:18  Protoss Ground Armor Level 2 (Chrono Boost)  
  86  10:19  Probe x2  
  88  10:27  Disruptor (Chrono Boost)  
  91  10:30  Probe, Protoss Ground Weapons Level 2 (Chrono Boost)  
  91  10:32  Probe x2  
  91  10:34  Assimilator  
  94  10:36  Assimilator  
  94  10:44  Probe, Nexus  
  94  10:45  Pylon  
  94  10:48  Pylon  
  95  10:50  Robotics Facility  
  95  10:51  Assimilator  
  95  11:02  Disruptor (Chrono Boost)  
  98  11:06  Adept x3  
  98  11:08  Dark Templar x2  
  98  11:09  Sentry x2  
  112  11:24  Probe  
  113  11:27  Probe  
  113  11:29  Probe  
  115  11:36  Probe  
  116  11:40  Dark Templar x5  
  126  11:58  Probe x2, Gateway x2  
  126  11:59  Probe x2, Gateway x2  
  130  12:06  Sentry x2  
  132  12:08  Probe  
  132  12:09  Probe  
  132  12:11  Probe  
  132  12:12  Probe  
  136  12:16  Zealot x4  
  96  12:34  Dark Templar x3  
  82  12:41  Dark Templar x4  
  67  13:01  Dark Templar x4  
  74  13:08  Dark Templar  
  74  13:09  Dark Templar x2  
  66  13:19  Dark Templar  
Tags
 
Add a new tag
Caveats
  • Supply blocks, unpowered buildings, or Contaminate may cause inaccurate times.
  • Supply counts are checked every 10 seconds.